 Dungeon Crawl Stone Soup version 0.30-a0-728-gc68057be0a (webtiles) character file.

Game seed: 2621888941427295800

68 jimonade the Insei (level 4, 0/21 HPs)
             Began as a Vine Stalker Transmuter on Feb 1, 2023.
             Slain by a gnoll
             ... wielding a +0 spear
              (1 damage)
             ... on level 2 of the Dungeon.
             The game lasted 00:02:18 (1273 turns).

jimonade the Insei (Vine Stalker Transmuter)        Turns: 1273, Time: 00:02:19

Health: 0/21       AC:  2    Str: 13    XL:     4   Next: 19%
Magic:  0/8        EV: 12    Int: 15    God:
Gold:   47         SH:  0    Dex: 14    Spells: 6/7 levels left

rFire   . . .      SeeInvis .      - Unarmed
rCold   . . .      Faith    .    (no shield)
rNeg    . . .      Spirit   +    a - +0 robe
rPois   .          Reflect  .    (helmet currently unavailable)
rElec   .          Harm     .    (no cloak)
rCorr   +          Rampage  .    (no gloves)
Will    .....                    (boots currently unavailable)
Stlth   ++                       (no amulet)
HPRegen 1.03/turn                e - ring of resist corrosion
MPRegen 0.11/turn                (no ring)

@: appendages (expiring)
A: horns 2, talons 2, fangs 2, regeneration 1, magic shield, antimagic bite, no
potion heal 2
a: End Transformation


You were on level 2 of the Dungeon.
You had temporarily grown beastly horns and talons.
You visited 1 branch of the dungeon, and saw 2 of its levels.

You collected 47 gold pieces.

Inventory:

Armour
 a - a +0 robe (worn)
 h - a +0 ring mail
Jewellery
 e - a ring of resist corrosion (left hand)
Scrolls
 d - a scroll of magic mapping {unknown}
 f - 2 scrolls of silence {unknown}
 i - a scroll of noise {unknown}
 j - a scroll of identify {unknown}
Potions
 b - 2 potions of lignification
 c - 2 potions of flight {unknown}
 g - 2 potions of heal wounds {unknown}


   Skills:
 + Level 0.9 Fighting
 + Level 1.9 Dodging
 + Level 0.6 Stealth
 * Level 4.3 Unarmed Combat
 + Level 2.2 Spellcasting
 + Level 2.3 Transmutations


You had 6 spell levels left.
You knew the following spells:

 Your Spells              Type           Power      Damage    Failure   Level
a - Beastly Appendage     Tmut           16%        N/A       9%          1

Your spell library contained the following spells:

 Spells                   Type           Power      Damage    Failure   Level
 Wereblood                Tmut           8%         N/A       12%         2
 Spider Form              Tmut/Pois      5%         N/A       36%         3
 Ice Form                 Ice/Tmut       5%         N/A       78%         4


Dungeon Overview and Level Annotations

Branches:
Dungeon (2/15)

Altars:


Innate Abilities, Weirdness & Mutations

You have temporarily grown beastly horns and talons.
You have extremely sharp teeth.
Your natural rate of healing is unusually fast.
When hurt, damage is shared between your health and your magic reserves.
Your bite disrupts and absorbs the magic of your enemies.
Potions cannot restore your health.


Message History

A gnoll comes into view. It is wielding a +0 halberd.
The gnoll misses you.
A gnoll comes into view. It is wielding a +0 whip.
The gnoll hits you with a +0 spear. The gnoll closely misses you.
There is a stone staircase leading down here.
The gnoll shouts!
You hit the gnoll but do no damage. The gnoll barely misses you.
The gnoll hits you with a +0 halberd!
You closely miss the gnoll. You claw the gnoll.
The gnoll is moderately wounded.
The gnoll hits you with a +0 spear. The gnoll misses you.
You hit the gnoll. You claw the gnoll.
The gnoll is heavily wounded.
The gnoll hits you with a +0 spear!
* * * LOW HITPOINT WARNING * * *
The gnoll closely misses you.
You closely miss the gnoll. You claw the gnoll.
You bite the gnoll, but do no damage.
The gnoll is almost dead.
The gnoll hits you with a +0 spear.
* * * LOW HITPOINT WARNING * * *
The gnoll closely misses you.
You hit the gnoll but do no damage. You bite the gnoll, but do no damage.
The gnoll is almost dead.
Your transformation is almost over.
You punch the gnoll!
You kill the gnoll!
The gnoll closely misses you.
You hit the gnoll but do no damage. Your kick misses the gnoll.
You headbutt the gnoll.
The gnoll is lightly wounded.
The gnoll barely misses you. The gnoll hits you with a +0 spear.
* * * LOW HITPOINT WARNING * * *
You hit the gnoll. Your kick misses the gnoll.
You bite the gnoll, but do no damage.
The gnoll is heavily wounded.
The gnoll hits you with a +0 whip.
* * * LOW HITPOINT WARNING * * *
The gnoll hits you with a +0 spear.
You die...

#.......#
#...## #.#..#
###.##.####
###...##....##
#...####.##..#
# ##.###
#...#.#
#.###..#
###.#.##
#.g@..##
#.#..#
....>.g####
#....# .......
###... .......
#... .......
###. #######
##
#############
.......<.....
############.


You could see 2 gnolls.

Vanquished Creatures
  Robin (D:2)
  A gnoll (D:2)
  A worm (D:2)
  A dart slug (D:1)
  2 ball pythons (D:1)
  3 endoplasms (D:1)
  2 giant cockroaches (D:1)
  5 hobgoblins
  5 jackals (D:1)
  2 quokkas
  A bat (D:1)
  4 frilled lizards (D:1)
  8 goblins
  2 kobolds
  A rat (D:1)
39 creatures vanquished.

Notes
Turn   | Place    | Note
-------+----------+-------------------------------------------
     0 | D:1      | jimonade the Vine Stalker Transmuter began the quest for
                  | the Orb.
     0 | D:1      | Reached XP level 1. HP: 9/9 MP: 4/4
   159 | D:1      | Reached XP level 2. HP: 11/14 MP: 1/6
   608 | D:1      | Reached XP level 3. HP: 14/17 MP: 4/7
  1012 | D:1      | Reached skill level 4 in Unarmed Combat
  1165 | D:2      | Noticed Robin
  1188 | D:2      | Killed Robin
  1208 | D:2      | Gained mutation: Your natural rate of healing is unusually
                  | fast. [Vine Stalker growth]
  1208 | D:2      | Reached XP level 4. HP: 21/21 MP: 4/8
  1273 | D:2      | HP: 1/21 [gnoll/+0 whip (4)]
  1273 | D:2      | Slain by a gnoll

Illustrated notes

Levels and vault maps discovered:
D:1:      matt_arrival_spirals, layout_basic, kennysheep_another_room,
          serial_park_tiny_pond, minivault_23
D:2:      layout_rooms, basic_altar, chequers_serial_rivers_small_b, uniq_robin,
          uniq_crazy_yiuf_cottage

Skill      XL: |  1  2  3 |
---------------+----------+-----
Unarmed Combat | 4 |  4.3
Fighting       | |  0.9
Dodging        | |  1.9
Stealth        | |  0.6
Spellcasting   | |  2.2
Transmutations | |  2.3

Action                     |  1- 3 |  4- 6 || total
---------------------------+-------+-------++-------
  Melee: Unarmed           |    92 |    12 ||   104
         Bite              |    13 |     5 ||    18
         Punch             |     4 |       ||     4
         Kick              |    10 |     3 ||    13
         Headbutt          |     9 |     1 ||    10
   Cast: Beastly Appendage |    11 |     2 ||    13
 Armour: Robe              |    13 |     3 ||    16
  Dodge: Dodged            |    45 |     9 ||    54

Table legend: (Time is in decaauts)
 A = Elapsed time spent in this place.
 B = Non-inter-level travel time spent in this place.
 C = Inter-level travel time spent in this place.
 D = Time resting spent in this place.
 E = Time spent auto-exploring this place.
 F = Levels seen in this place.
 G = Mean time per level.
                   A        B        C        D        E       F      G
               +--------+--------+--------+--------+--------+-----+--------+
         Total |   1266 |   1184 |     82 |      8 |    940 |   2 |  633.0 |
       Dungeon |   1266 |   1184 |     82 |      8 |    940 |   2 |  633.0 |
               +--------+--------+--------+--------+--------+-----+--------+

Top non-repeatable levels by time:
     D:1: 1142 daAuts
     D:2: 123 daAuts
